[Event "*** MasterClass Titled Tuesday Blitz"]
[Site "Chess.com"]
[Date "2017.09.05"]
[Round "9"]
[White "stefanodinn"]
[Black "Robin-Side"]
[Result "0-1"]
[WhiteElo "2192"]
[BlackElo "2276"]
[TimeControl "180+2"]
[EndTime "15:12:44 PDT"]
[Termination "Robin-Side won by resignation"]

1. Nf3 c5 2. c4 Nc6 3. Nc3 e5 4.
g3 g6 5. Bg2 Bg7 6. O-O Nge7 7.
a3 O-O 8. d3 d6 9. Rb1 a5 10. Ne1 Be6 11. Nc2 d5 12. cxd5 Nxd5 13. Ne4 b6 14. Ng5 Bc8 15. Ne3 Nde7 16. Bd2 h6 17.
Nf3 a4 18. Nc4 Be6 19. Bc3 Qc7 20. Rc1 b5 21. Ne3 Qb6 22. Qc2 Bb3 23. Qb1 Nd4 24.
Bxd4 exd4 25. Nc2 Rac8 26. Rfe1 Nf5 27. Nd2 Rfd8 28. Red1 Qe6 29. Re1 h5 30. Na1 Bd5 31. Bxd5 Qxd5 32. Ne4 h4 33. b3 axb3 34. Qxb3 c4 35.
Qa2 h3 36. Nc2 Nd6 37. Nb4 Qb7 38. f3 Nxe4 39. fxe4 Bh6 40. Rcd1 Be3+ 41. Kh1 c3 42.
Rf1 Qd7 43. Rf3 Qe6 44. Nd5 c2 45. Rdf1 c1=Q 46. Nf6+ Kg7 0-1

[Event "*** MasterClass Titled Tuesday Blitz"]
[Site "Chess.com"]
[Date "2017.09.05"]
[Round "9"]
[White "AbdAlAgathos"]
[Black "DiogenesSinopeus"]
[Result "1-0"]
[WhiteElo "2356"]
[BlackElo "2371"]
[TimeControl "180+2"]
[EndTime "15:12:46 PDT"]
[Termination "AbdAlAgathos won by checkmate"]

1. e4 e5 2. Nf3 Nc6 3. Bb5 a6 4. Ba4 d6 5. c3 f5 6. exf5 Bxf5 7.
O-O Bd3 8. Re1 Be7 9. Bc2 Bxc2 10.
Qxc2 Qd7 11. d4 Nf6 12. dxe5 Nxe5 13. Nd4 O-O-O 14. Qf5 g6 15. Qe6 c5 16. Qxd7+ Kxd7 17. Nb3 Nd3 18. Rd1 Nxc1 19. Nxc1 d5 20. Nd2 Kc6 21.
Nd3 Bd6 22. c4 d4 23. b4 b6 24. Nb3 Ne4 25. bxc5 bxc5 26. Re1 Rhe8 27. Rab1 Bc7 28. f3 Nc3 29. Rb2 Rxe1+ 30. Nxe1 d3 31. Rd2 Ne2+ 32. Kf2 Nf4 33. g3 Nh3+ 34. Kg2 Ng5 35. Nxd3 Bd6 36. Ne5+ Kc7 37. Nd3 Kc6 38. Ndxc5 Rf8 39.
Ne4 Nxe4 40. fxe4 Re8 41. c5 Be5 42. Rd5 Bc3 43. Kf3 Rf8+ 44. Ke3 Rf1 45. Nd4+ Bxd4+ 46.
Kxd4 Rf2 47. Rd6+ Kc7 48. Rxa6 Rxh2 49. Kd5 h5 50. Rxg6 Rg2 51. Rg7+ Kd8 52. Kd6 h4 53.
Rg8# 1-0

[Event "*** MasterClass Titled Tuesday Blitz"]
[Site "Chess.com"]
[Date "2017.09.05"]
[Round "9"]
[White "GM_dmitrij"]
[Black "TomsKantans"]
[Result "0-1"]
[WhiteElo "2622"]
[BlackElo "2436"]
[TimeControl "180+2"]
[EndTime "15:12:47 PDT"]
[Termination "TomsKantans won on time"]

1. e4 c5 2. Nf3 Nf6 3. Nc3 Nc6 4. d4 d5 5. exd5 Nxd5 6. Nxd5 Qxd5 7. Be3 cxd4 8.
Nxd4 a6 9. Nxc6 Qxc6 10. f3 e5 11. Bd3 Be6 12. O-O Bc5 13. Qe2 O-O 14. Rfe1 Bd6 15. Be4 Qc7 16. Rad1 Rad8 17. b3 Bb4 18. Rxd8 Rxd8 19.
Rd1 Rxd1+ 20. Qxd1 b5 21. Qd3 g6 22. Bh6 Bc5+ 23.
Kf1 Bd4 24. f4 f5 25. Bf3 Kf7 26. fxe5 Qxe5 27. g3 Bc5 28. c3 b4 29. cxb4 Bxb4 30.
Qxa6 Qe1+ 31. Kg2 Kf6 32. Qe2 Qa1 33. h4 Bc5 34. Bg5+ Kf7 35. Bf4 Qg1+ 36. Kh3 h6 37.
Qg2 Qb1 38. Bd5 Qe1 39. Bxe6+ Qxe6 40. Qc2 Be7 41. Qc4 Qxc4 42. bxc4 g5 0-1

[Event "*** MasterClass Titled Tuesday Blitz"]
[Site "Chess.com"]
[Date "2017.09.05"]
[Round "9"]
[White "Indianlad"]
[Black "iusegine"]
[Result "1-0"]
[WhiteElo "2608"]
[BlackElo "2383"]
[TimeControl "180+2"]
[EndTime "15:12:49 PDT"]
[Termination "Indianlad won by resignation"]

1. d4 Nf6 2. g3 g6 3. Bg2 Bg7 4.
Nf3 O-O 5. O-O d6 6. c4 Nbd7 7.
Nc3 e5 8. Qc2 exd4 9. Nxd4 Nb6 10. b3 c5 11. Nf3 d5 12. cxd5 Nfxd5 13. Nxd5 Bxa1 14. Bg5 f6 15. Bh6 Nxd5 16. Bxf8 Qxf8 17. Rxa1 Be6 18. a3 Rd8 19. e4 Nb6 20. Qc3 c4 21.
bxc4 Nxc4 22. e5 fxe5 23. Ng5 Rd2 24. Rf1 Bf7 25. Bxb7 Qxa3 26. Qxa3 Nxa3 27. Nxf7 Kxf7 28. Ra1 Nc2 29. Rxa7 Ne1 30. Kf1 Nd3 31. Be4+ Ke6 32. Ra6+ Ke7 33. Ra7+ Ke6 34. Bxd3 Rxd3 35. Rxh7 Kf6 36.
h4 Ra3 37. Kg2 Rb3 38. Ra7 Rc3 39. Ra4 Rb3 40. g4 Rd3 41. Ra6+ Kg7 42. Re6 Rd5 43. g5 Kf7 44. Rf6+ Kg7 45. Kg3 Rd3+ 46. Rf3 Rd4 47.
Re3 Rd5 48. Ra3 Rb5 49. f3 Kf7 50. Ra7+ Kf8 51. h5 e4 52. f4 e3 53. h6 e2 54.
Kf2 Rb4 55. Kxe2 Rxf4 56. h7 Rh4 57. Kf3 Rh1 58. Kf4 Rf1+ 59. Ke5 Rh1 60. Kf6 Rf1+ 61.
Kxg6 1-0

[Event "*** MasterClass Titled Tuesday Blitz"]
[Site "Chess.com"]
[Date "2017.09.05"]
[Round "9"]
[White "yurisolo"]
[Black "GrigorGrigorov"]
[Result "1/2-1/2"]
[WhiteElo "2587"]
[BlackElo "2613"]
[TimeControl "180+2"]
[EndTime "15:12:54 PDT"]
[Termination "Game drawn by agreement"]

1. e4 c5 2. Nf3 d6 3. d4 cxd4 4. Nxd4 Nf6 5. Nc3 a6 6. Be3 e5 7. Nb3 Be6 8. Qd2 Nbd7 9. O-O-O Be7 10. f4 Rc8 11. Kb1 b5 12. h3 b4 13. Nd5 Nxd5 14.
exd5 Bf5 15. Rc1 a5 16. fxe5 Nxe5 17. Nd4 Bd7 18. Ba6 Rb8 19. c4 O-O 20. g4 Re8 21. Bb5 Bf8 22. Nc6 Bxc6 23. dxc6 Qc7 24. Qd5 Rbc8 25. Bf4 Re6 26. Rhe1 Rce8 27. Rcd1 g6 28. c5 dxc5 29. Bxe5 Rxe5 30. Rxe5 Rxe5 31. Qd8 Re7 32. Rd7 Rxd7 33. Qxd7 Qxd7 34. cxd7 Be7 35. Kc2 Kf8 36.
Kd3 Bd8 37. Kc4 Bb6 38. Kd5 Ke7 39. Kc6 Bd8 40. Bd3 Ke6 41. b3 f5 42. gxf5+ gxf5 43. Kxc5 h6 44. Kc6 f4 45. Be2 Ke7 46. Bg4 Kf7 47. Kd6 Kf6 48. Kd5 Ke7 49. Ke5 Bc7+ 50. Kf5 f3 51. Bxf3 Kxd7 52. Kg6 Bf4 53. h4 Kd6 54. h5 Ke5 55. Bc6 Kd4 56. Ba4 Bd2 57. Kf5 Kc3 58. Kg6 Kb2 59. Kf5 1/2-1/2

[Event "*** MasterClass Titled Tuesday Blitz"]
[Site "Chess.com"]
[Date "2017.09.05"]
[Round "9"]
[White "PrinceMurad09"]
[Black "Bryakin_Mikhail"]
[Result "1-0"]
[WhiteElo "2377"]
[BlackElo "2518"]
[TimeControl "180+2"]
[EndTime "15:13:16 PDT"]
[Termination "PrinceMurad09 won by resignation"]

1. e4 c5 2. Nf3 Nc6 3. d4 cxd4 4. Nxd4 Nf6 5. Nc3 e5 6. Ndb5 d6 7. Bg5 a6 8. Na3 b5 9. Nd5 Be7 10. Bxf6 Bxf6 11. c4 b4 12. Nc2 O-O 13. g3 Bg5 14. Bg2 Rb8 15. b3 Ne7 16. O-O a5 17. h4 Bh6 18.
Qd3 Nxd5 19. Qxd5 Be6 20. Qd3 Qe7 21. a3 f5 22. axb4 axb4 23. Rfd1 Rb6 24. exf5 Bxf5 25. Be4 Bxe4 26. Qxe4 Kh8 27. Ra8 Rbb8 28. Rxb8 Rxb8 29.
Qd5 Rf8 30. Nxb4 Qf6 31. Nd3 g5 32. hxg5 Bxg5 33. Qe4 h5 34. Kg2 Kg7 35. Rh1 Rh8 36. b4 h4 37. gxh4 Bxh4 38. b5 Kf7 39. Kf1 Qg5 40. c5 Qh5 41. cxd6 Qd1+ 42. Kg2 Rg8+ 43. Kh2 Bg3+ 44. Kh3 Rh8+ 45. Kxg3 Rg8+ 46. Kh4 Rh8+ 47.
Kg5 Rxh1 48. Nxe5+ Ke6 49. Nc4+ Kf7 50. Qe7+ Kg8 51.
Qe8+ Kg7 52. Qe5+ Kg8 53. Ne3 Qg1+ 54. Ng4 Qc1+ 55. f4 Rg1 56. Qe8+ Kg7 57. Qe7+ Kg8 58. d7 Rxg4+ 59. Kxg4 Qg1+ 60. Kf5 Qc5+ 61. Qxc5 1-0

[Event "*** MasterClass Titled Tuesday Blitz"]
[Site "Chess.com"]
[Date "2017.09.05"]
[Round "9"]
[White "novocane"]
[Black "dolynachess"]
[Result "1-0"]
[WhiteElo "2187"]
[BlackElo "2385"]
[TimeControl "180+2"]
[EndTime "15:13:27 PDT"]
[Termination "novocane won by resignation"]

1. d4 Nf6 2. c4 c5 3. d5 b5 4.
cxb5 a6 5. f3 d6 6. e4 g6 7. Na3 Bg7 8. Ne2 O-O 9. Nc3 e6 10.
Be2 Bb7 11. dxe6 fxe6 12. O-O d5 13. e5 Nfd7 14. f4 Nb6 15. Bf3 N8d7 16. bxa6 Bxa6 17.
Nab5 d4 18. Bxa8 dxc3 19. Bc6 Nb8 20. Qxd8 Rxd8 21. Na7 Bxf1 22. Kxf1 Rd1+ 23. Ke2 c2 24. Be4 Rh1 25. Bxc2 Rxh2 26. Kf3 Rh1 27. b3 Rf1+ 28. Ke2 Rg1 29. Kf2 Rh1 30. Bb2 Rxa1 31. Bxa1 Nd5 32. g3 h5 33. Bxg6 h4 34. Nb5 Bh6 35. Nd6 hxg3+ 36. Kxg3 Bxf4+ 37. Kf3 Kf8 38. Bf7 Bh6 39. Bxe6 Nb4 40. a3 Nd3 41. Bc3 Nc6 42. Nc4 Bg7 43. Ke4 Nc1 44. Nd6 Ke7 45. Nf5+ Kxe6 46. Nxg7+ Kf7 47. Nf5 Nxb3 48. Kd5 Nd8 49. Nd6+ Ke7 50. Ne4 Ne6 51. a4 Kd7 52. Kc4 Nc1 53.
Nxc5+ Nxc5 54. Kxc5 Ne2 55. Kc4 Nf4 56. a5 Ng6 57. a6 Nxe5+ 58. Bxe5 Kc6 59. Bd4 Kc7 60. Ba7 Kc6 61. Kb4 Kc7 62. Kb5 Kc8 63. Kb6 Kd8 64. Kb7 Kd7 65. Bb8 Kd8 66. a7 1-0

[Event "*** MasterClass Titled Tuesday Blitz"]
[Site "Chess.com"]
[Date "2017.09.05"]
[Round "9"]
[White "Aariow"]
[Black "Tarlev_Konstantin"]
[Result "0-1"]
[WhiteElo "2367"]
[BlackElo "2606"]
[TimeControl "180+2"]
[EndTime "15:13:41 PDT"]
[Termination "Tarlev_Konstantin won by resignation"]

1. Nf3 Nf6 2. g3 e6 3. Bg2 d5 4. O-O c5 5. d4 Nc6 6. c4 dxc4 7. dxc5 Qxd1 8. Rxd1 Bxc5 9. Nbd2 c3 10. bxc3 Bd7 11.
Nb3 Be7 12. Nfd4 Nd5 13. Bxd5 exd5 14. Nb5 O-O-O 15. Rxd5 Bg4 16. Rxd8+ Rxd8 17. N5d4 Ne5 18. f3 Bd7 19. Bf4 Nc4 20. Nd2 Na3 21. Nb1 Nb5 22.
a4 Nc7 23. e4 Ne6 24. Be3 Nc5 25. a5 g6 26. Nd2 f5 27. e5 Be8 28. Kf1 Bf7 29. Ke2 a6 30. Rb1 Na4 31. Kd3 Rd5 32. f4 Rxa5 33. e6 Nc5+ 34. Ke2 Nxe6 35. N4b3 Ra2 36.
Kd3 Be8 37. Bb6 Bc6 38. Re1 Kd7 39. c4 Bb4 40. Re2 a5 41. Nc1 Ra3+ 42. Kc2 Nc5 43. Bxc5 Bxc5 44. Ndb3 Be7 45. Kb2 Ra4 46. Nd3 Bf6+ 47.
Kb1 Rxc4 48. Nxa5 Rd4 49. Nc5+ Kd6 50. Ncxb7+ Bxb7 51.
Nxb7+ Kd5 52. Na5 Rb4+ 53. Kc1 Bd4 54. Re7 Bb6 55. Nb7 h5 56. Re5+ Kc6 57. Na5+ Kd6 58. Nb7+ Kc7 59. Nc5 Rc4+ 60. Kd2 Rxc5 61. Re6 Rc6 62.
Re7+ Kd6 63. Rg7 Kd5 64. Ke2 Bd4 65. Kf3 Bxg7 0-1

[Event "*** MasterClass Titled Tuesday Blitz"]
[Site "Chess.com"]
[Date "2017.09.05"]
[Round "9"]
[White "Makalexa"]
[Black "MartinMatthiesen"]
[Result "0-1"]
[WhiteElo "2157"]
[BlackElo "2326"]
[TimeControl "180+2"]
[EndTime "15:13:59 PDT"]
[Termination "MartinMatthiesen won by checkmate"]

1. e4 e5 2. Nf3 Nc6 3. Bb5 a6 4.
Ba4 Nf6 5. O-O Be7 6. Re1 b5 7. Bb3 d6 8. a4 b4 9. d4 exd4 10.
Nxd4 Nxd4 11. Qxd4 c5 12. Qe3 O-O 13. Qg3 Re8 14. Bh6 Bf8 15. Bg5 Be6 16. Nd2 Bxb3 17. cxb3 Re6 18. Nc4 Qc7 19. Bxf6 Rxf6 20. Ne3 Rg6 21.
Nd5 Qd7 22. Qf3 Re8 23. Qf5 Rge6 24. f3 Qd8 25. Rad1 g6 26. Qf4 Bg7 27. Qc1 Bd4+ 28.
Rxd4 cxd4 29. Qc4 Re5 30. Nxb4 Qa5 31. Rd1 Qc5 32. Nd5 Kg7 33. Rxd4 a5 34. Kf1 Rb8 35. Rd2 f5 36. exf5 Rxf5 37. Qxc5 dxc5 38. Ne3 Rf7 39. Rd3 Rfb7 40. Ng4 Rxb3 41. Rd7+ Kf8 42. Nf6 R3b7 43.
Nxh7+ Kg8 44. Nf6+ Kh8 45. Rd5 Rxb2 46. Rxc5 Ra2 47. Rc1 Rbb2 48. Ng4 Rxa4 49. h4 Rab4 50. Rc8+ Kg7 51. Rc7+ Kf8 52. Kg1 a4 53. Ra7 Ra2 54. Nf6 Rbb2 55. Kh2 Rxg2+ 56. Kh3 Rgd2 57. Kg4 a3 58.
Kg5 Rg2+ 59. Kh6 Rgf2 60. Rd7 Rxf3 61. Kxg6 Rg2+ 62. Kh7 Rxf6 63. h5 Rf7+ 64. Rxf7+ Kxf7 65. h6 a2 66. Kh8 a1=Q+ 67. Kh7 Rg7+ 68. Kh8 Rg8+ 69.
Kh7 Qh8# 0-1

[Event "*** MasterClass Titled Tuesday Blitz"]
[Site "Chess.com"]
[Date "2017.09.05"]
[Round "9"]
[White "sergiochess83"]
[Black "OparinGrigoriy"]
[Result "0-1"]
[WhiteElo "2753"]
[BlackElo "2653"]
[TimeControl "180+2"]
[EndTime "15:14:06 PDT"]
[Termination "OparinGrigoriy won by resignation"]

1. Nf3 Nf6 2. c4 e6 3. g3 b6 4. Bg2 Bb7 5. O-O Be7 6. Nc3 c5 7. d4 cxd4 8. Qxd4 O-O 9. Rd1 d6 10. b3 Nbd7 11. Bb2 a6 12. e4 Qb8 13. Qe3 Rd8 14. Nd4 Qa7 15. h3 Rac8 16. Rd2 Qa8 17. Re1 Nc5 18. f4 Bf8 19. g4 e5 20. Nf5 Re8 21. fxe5 dxe5 22. Nd5 Ncxe4 23. Bxe4 Nxd5 24. Rxd5 Bxd5 25. Bxd5 Bc5 26. Qxc5 Rxc5 27. Bxa8 Rxa8 28. Rxe5 Rxe5 29. Bxe5 Re8 30. Bxg7 Re2 31. a4 Re1+ 32. Kf2 Rb1 33. h4 Rxb3 34. h5 h6 35. Bxh6 Rb4 36. Nd6 Rxa4 37. Be3 Rb4 38. Kf3 a5 39. Bd2 Rb3+ 40.
Ke4 a4 41. Be3 a3 42. Bd4 a2 43. h6 Rb1 44. h7+ Kxh7 45. Nxf7 Re1+ 46. Kf5 Rf1+ 47.
Ke6 Kg6 48. Ne5+ Kg5 49. Nc6 Rb1 50. Ne5 Rd1 51. Bc3 Rc1 52. Bd4 Rb1 53. Be3+ Kh4 54.
Bd4 Kg5 55. Be3+ Kh4 56. Bd4 Rd1 57. Bc3 Kg5 58. Nd7 Rb1 59. Kd6 Kxg4 60. Kc6 Rc1 61. Bf6 Kf5 62. Kxb6 Rd1 63. Bb2 Rxd7 64. c5 Rd2 65. Ba1 Ke6 66. c6 Rc2 67. Kb7 Kd6 0-1

[Event "*** MasterClass Titled Tuesday Blitz"]
[Site "Chess.com"]
[Date "2017.09.05"]
[Round "9"]
[White "livestrong04"]
[Black "Blitzking4444"]
[Result "1-0"]
[WhiteElo "2356"]
[BlackElo "2080"]
[TimeControl "180+2"]
[EndTime "15:14:08 PDT"]
[Termination "livestrong04 won on time"]

1. e4 e6 2. d4 d5 3. Bd3 dxe4 4. Bxe4 Nf6 5. Bf3 c5 6. Ne2 Nc6 7. Nbc3 Nxd4 8. Nxd4 cxd4 9. Nb5 Bc5 10. O-O a6 11. Na3 Bxa3 12. bxa3 O-O 13. Re1 Qd6 14. Bg5 e5 15.
Rb1 Rb8 16. c3 Bf5 17. Rb4 a5 18. Rb5 Rfe8 19. cxd4 Qxd4 20. Qc1 Bd3 21. Rxb7 e4 22. Rxb8 Rxb8 23. Be3 Qd5 24. Bd1 Qxa2 25. Qc7 Re8 26. Ba4 Rf8 27. Bc5 Qc4 28. Qe5 Rc8 29. Be3 Qc3 30. Qxc3 Rxc3 31. h3 Rxa3 32. Rc1 g6 33. Bh6 Ba6 34. Rc6 Rxa4 35. Rxa6 Ne8 36. Ra8 Ra1+ 37. Kh2 f5 38. Rxe8+ Kf7 39. Rh8 g5 40. Bxg5 a4 41. Be3 Kg6 42. Rg8+ Kf7 43. Ra8 a3 44. Kg3 Ke6 45. Kf4 Kd5 46. Kxf5 Kc4 47. g4 Kb3 48. h4 a2 49. h5 Rg1 50. Bd4 Rf1 51.
Kxe4 Rd1 52. g5 Re1+ 53. Kd5 Rd1 54. f4 Kc2 55. Rxa2+ Kb1 56. Ra1+ Kc2 57. Rxd1 Kxd1 58. g6 hxg6 59. hxg6 Kd2 60. f5 Ke2 61. f6 Kf3 62.
f7 Kg4 63. f8=Q Kh5 64. g7 Kg6 65. g8=Q+ Kh5 66. Qff7+ 1-0

[Event "*** MasterClass Titled Tuesday Blitz"]
[Site "Chess.com"]
[Date "2017.09.05"]
[Round "9"]
[White "ditkin25"]
[Black "Daniela_Movileanu"]
[Result "1-0"]
[WhiteElo "2240"]
[BlackElo "2034"]
[TimeControl "180+2"]
[EndTime "15:14:10 PDT"]
[Termination "ditkin25 won by checkmate"]

1. e4 c5 2. Nf3 d6 3. d4 cxd4 4. Nxd4 Nf6 5. f3 g6 6. c4 Bg7 7. Be3 O-O 8. Nc3 Nc6 9. Qd2 Bd7 10. Be2 Nxd4 11. Bxd4 a5 12. O-O Bc6 13. Rac1 Nd7 14.
Kh1 Nc5 15. Rfd1 Qb6 16. Bxg7 Kxg7 17. b3 a4 18. Qb2 Kg8 19. b4 a3 20. Qb1 Na4 21. Nd5 Bxd5 22. Rxd5 Nb2 23. Rc3 Qxb4 24.
Rb3 Qa4 25. Rdb5 Rab8 26. Qe1 Qa7 27. Ra5 Qd4 28. Raxa3 Nxc4 29. Rb4 b5 30. Rab3 Qd2 31. Qxd2 Nxd2 32. Rb2 Rfc8 33. Rxd2 Rc1+ 34. Bd1 Ra8 35. Kg1 Ra1 36. Rbb2 Rc8 37. Kf2 Rcc1 38. Be2 Kg7 39. Rxb5 h5 40. Rb7 Kf6 41. f4 h4 42. Bf3 Rf1+ 43.
Ke3 Rfe1+ 44. Kd4 Rac1 45. Rb6 Kg7 46. e5 dxe5+ 47. fxe5 Rc7 48. Rb5 e6 49. Rb6 g5 50.
Rd6 Rf1 51. Ke3 Re1+ 52. Kd4 Rf1 53. Rd3 Rfc1 54. a4 R7c4+ 55. Ke3 Rxa4 56. Rd7 Raa1 57. Bh5 Re1+ 58. Kd4 Ra4+ 59. Kc3 Rf4 60. g3 Rf2 61. Rf3 Rxf3+ 62. Bxf3 Rxe5 63. Bh5 Rf5 64. Bg4 Rf2 65. Bxe6 hxg3 66. hxg3 Kf8 67. Bd5 f6 68. Kd4 Rf1 69. Kc5 Rg1 70. Rf7+ Ke8 71. Rxf6 Rxg3 72. Kd6 Ra3 73.
Bc6+ Kd8 74. Rf8# 1-0

[Event "*** MasterClass Titled Tuesday Blitz"]
[Site "Chess.com"]
[Date "2017.09.05"]
[Round "9"]
[White "Sebastian"]
[Black "Witik"]
[Result "1/2-1/2"]
[WhiteElo "2809"]
[BlackElo "2567"]
[TimeControl "180+2"]
[EndTime "15:15:35 PDT"]
[Termination "Game drawn by agreement"]

1. e4 c6 2. d4 d5 3. e5 Bf5 4.
Nf3 e6 5. Be2 Nd7 6. O-O Bg6 7.
Nbd2 Nh6 8. Nb3 Nf5 9. c3 Be7 10. Bf4 O-O 11. g4 Nh6 12. h3 f6 13. exf6 Rxf6 14.
Bg3 Nf7 15. Nc1 e5 16. Nxe5 Nfxe5 17. dxe5 Rf8 18. Bd3 Nc5 19. Bxg6 hxg6 20. Nd3 Ne4 21. Kg2 Bh4 22. Bh2 Qb6 23. Qe2 Rae8 24. f3 Ng5 25.
Nf4 Kh7 26. Qc2 c5 27. Nxd5 Qc6 28. c4 Ne6 29. Rad1 Nd4 30. Qe4 Qa4 31. f4 b5 32.
f5 Qxa2 33. fxg6+ Kg8 34. Rf7 Qxb2+ 35. Kh1 Rxf7 36. gxf7+ Kxf7 37. Rf1+ Kg8 38. Qg6 Rf8 39. Nf6+ Bxf6 40. exf6 Rf7 41. Qe4 Qe2 42. Qxe2 Nxe2 43.
cxb5 c4 44. Re1 Nc3 45. Rc1 Nxb5 46. fxg7 c3 47. Be5 Kh7 48. g5 Re7 49. Bf6 Re2 50. Kg1 c2 51. Kf1 Rh2 52. Ke1 Na3 53. g6+ Kg8 54. Be5 Rg2 55. Kf1 Rxg6 56. Bb2 Nc4 57. Bd4 Rd6 58. Rxc2 Rxd4 59. Ke2 a5 60. Rc3 Kxg7 61.
Rg3+ Kf6 62. Rb3 a4 63. Rb4 Ke5 64. Rxa4 Kd5 65. Ra8 Rh4 66. Rd8+ Kc5 67. Kf3 Rxh3+ 68. Kg4 Rc3 69. Kf4 Rc1 70. Rc8+ Kd4 71. Rd8+ Kc3 72. Rc8 Rf1+ 73. Kg3 Kd3 74. Kg4 Ne5+ 75. Kg5 Ke4 76. Re8 Rf5+ 77. Kh6 Kf4 78. Ra8 Ng4+ 79. Kg6 Ne5+ 80. Kh6 Rf6+ 81. Kg7 Kg5 82. Ra5 Kf5 83. Rb5 Rg6+ 84. Kf8 Ra6 85. Ke7 Ra7+ 86. Kd6 Ra6+ 87. Kc7 Ke4 88. Rb6 Ra4 89. Rb1 Kd5 90. Rd1+ Kc5 91. Rc1+ Nc4 92. Kd7 Ra6 93. Ke7 Kd5 94. Rd1+ Ke5 95. Re1+ 1/2-1/2

[Event "*** MasterClass Titled Tuesday Blitz"]
[Site "Chess.com"]
[Date "2017.09.05"]
[Round "9"]
[White "MITerryble"]
[Black "GMKrikor"]
[Result "0-1"]
[WhiteElo "2675"]
[BlackElo "2597"]
[TimeControl "180+2"]
[EndTime "15:16:00 PDT"]
[Termination "GMKrikor won on time"]

1. d4 Nf6 2. Nf3 e6 3. c4 d5 4. e3 b6 5. Bd3 Bb7 6. O-O Bd6 7. b3 O-O 8. Bb2 c5 9. dxc5 Bxc5 10. Qc2 Nc6 11.
a3 Rc8 12. Nbd2 h6 13. Rfd1 Qe7 14. b4 Bd6 15. Rac1 Bb8 16. Qb1 Rfd8 17. Qa1 dxc4 18.
Nxc4 b5 19. Na5 Nxa5 20. bxa5 Rxc1 21. Qxc1 a6 22. h3 Qc7 23. Qa1 Bxf3 24. gxf3 Qh2+ 25. Kf1 e5 26. Bh7+ Kxh7 27. Rxd8 Bc7 28. Rd1 e4 29.
Bxf6 exf3 30. Ke1 Bxa5+ 31. Bc3 Qg1+ 32. Kd2 Qxf2+ 33. Kc1 Qxe3+ 34. Kc2 Qe2+ 35. Rd2 Qe4+ 36. Kb2 Bxc3+ 37. Kxc3 f2 38. Qf1 Qe5+ 39. Kc2 Qf5+ 40. Kd1 Qf3+ 41. Kc2 Qe4+ 42. Kd1 Qf3+ 43. Kc2 Qe4+ 44.
Kc1 Qe5 45. Kd1 Qh5+ 46. Kc2 Qf5+ 47. Kd1 Qf3+ 48. Re2 Qd3+ 49. Kc1 Qxa3+ 50. Kb1 Qd3+ 51. Kc1 Qc3+ 52. Kb1 Qd3+ 53. Kb2 Qd4+ 54. Kc2 Qc4+ 55. Kd2 Qd4+ 56. Kc2 Qc4+ 57. Kb2 Qb4+ 58. Ka1 Qd4+ 59. Rb2 Qa4+ 60. Kb1 Qe4+ 61. Ka1 Qe1+ 62. Rb1 Qc3+ 63. Ka2 Qc2+ 64. Rb2 Qa4+ 65. Kb1 Qe4+ 66. Rc2 Qe1+ 67. Rc1 Qb4+ 68. Kc2 Qa4+ 69. Kd2 Qf4+ 70. Ke2 b4 71. Kd3 a5 72. Ke2 b3 73. Rb1 a4 74. Ra1 b2 75. Qb1+ g6 76. Qxb2 Qg3 77. Rf1 Qxh3 78. Rxf2 Qe6+ 79. Kf1 Qa6+ 80. Kg1 Qa7 81. Qa2 Kg7 82.
Kg2 h5 83. Qa1+ Kg8 84. Qf6 a3 85. Rd2 Qb7+ 86. Kh2 Qc7+ 87. Kg1 Qc1+ 0-1

[Event "*** MasterClass Titled Tuesday Blitz"]
[Site "Chess.com"]
[Date "2017.09.05"]
[Round "10"]
[White "jcibarra"]
[Black "OparinGrigoriy"]
[Result "1/2-1/2"]
[WhiteElo "2699"]
[BlackElo "2654"]
[TimeControl "180+2"]
[EndTime "15:17:52 PDT"]
[Termination "Game drawn by agreement"]

1. e4 e5 2. Nf3 Nc6 3. Bb5 a6 4. Bxc6 dxc6 5. O-O Be6 6. Nxe5 Qd4 7. Nf3 Qxe4 8. Ng5 Qf5 9. Nxe6 fxe6 10. d3 O-O-O 11. Nc3 Nf6 12. Qe2 Bd6 13. Ne4 h5 14. Re1 Rde8 1/2-1/2

[Event "*** MasterClass Titled Tuesday Blitz"]
[Site "Chess.com"]
[Date "2017.09.05"]
[Round "10"]
[White "W_Amadeus"]
[Black "SavelijTartakover"]
[Result "0-1"]
[WhiteElo "2385"]
[BlackElo "2540"]
[TimeControl "180+2"]
[EndTime "15:19:24 PDT"]
[Termination "SavelijTartakover won by resignation"]

1. d4 Nf6 2. c4 g6 3. Nc3 Bg7 4. e4 O-O 5. Nf3 d6 6. Be2 e5 7.
O-O Nc6 8. d5 Ne7 9. Qc2 h6 10.
Rd1 Nd7 11. Rb1 a5 12. a3 f5 13. b4 axb4 14. axb4 Nf6 15. Nd2 fxe4 16. Ndxe4 Nf5 17. Nxf6+ Qxf6 18. Ne4 Qf7 19. Bb2 Nd4 20. Bxd4 exd4 21. Bd3 Bf5 22. Ra1 Rxa1 23. Rxa1 Bxe4 24. Bxe4 d3 0-1

[Event "*** MasterClass Titled Tuesday Blitz"]
[Site "Chess.com"]
[Date "2017.09.05"]
[Round "10"]
[White "JaimeSantosLatasa"]
[Black "johnathan113"]
[Result "1-0"]
[WhiteElo "2606"]
[BlackElo "2529"]
[TimeControl "180+2"]
[EndTime "15:21:24 PDT"]
[Termination "JaimeSantosLatasa won by resignation"]

1. d4 Nf6 2. c4 g6 3. Nc3 Bg7 4. e4 d6 5. f3 O-O 6. Be3 Nc6 7. Qd2 a6 8. Nge2 Na5 9. Nc1 Nd7 10. Nb3 c5 11.
dxc5 Nxb3 12. axb3 Nxc5 13. Ra3 Be6 14. Be2 Qb6 15. Qc2 f5 16. O-O f4 17. Bf2 Be5 18.
Rd1 Rac8 19. Kh1 g5 20. Be1 Qc7 21. b4 Nd7 22. Nd5 Bxd5 23. exd5 Bf6 24. Bd3 Ne5 25.
Bxh7+ Kg7 26. Bf5 Qxc4 27. Bc3 Rcd8 28. Bxe5 Qxc2 29. Bxf6+ 1-0

[Event "*** MasterClass Titled Tuesday Blitz"]
[Site "Chess.com"]
[Date "2017.09.05"]
[Round "10"]
[White "DiogenesSinopeus"]
[Black "Saitama_Hero"]
[Result "1-0"]
[WhiteElo "2378"]
[BlackElo "2300"]
[TimeControl "180+2"]
[EndTime "15:22:09 PDT"]
[Termination "DiogenesSinopeus won by resignation"]

1. d4 Nf6 2. c4 c5 3. d5 e5 4. dxe6 fxe6 5. g3 d5 6. Bg2 Be7 7. Nh3 Nc6 8. O-O O-O 9. cxd5 exd5 10. Nf4 Kh8 11. Nxd5 Nxd5 12. Qxd5 Qxd5 13. Bxd5 Nd4 14. Nc3 Bg4 15. f3 Bh3 16. Rd1 Rad8 17. Kf2 Bf6 18.
e3 b5 19. exd4 cxd4 20. Ne4 Rxd5 21. Nxf6 Rxf6 22. Re1 h6 23. Bd2 Bg4 24. f4 Rh5 25.
h4 d3 26. Rac1 Be2 27. Rc8+ Kh7 28. Rc7 a6 29. Rec1 Rd5 30. Re7 Kg6 31. Rcc7 Kh5 32.
Rxg7 Rg6 33. Rxg6 Kxg6 34. Rc6+ Kh5 35. Rxa6 Rd7 36. f5 1-0

[Event "*** MasterClass Titled Tuesday Blitz"]
[Site "Chess.com"]
[Date "2017.09.05"]
[Round "10"]
[White "Keaton87"]
[Black "Indianlad"]
[Result "0-1"]
[WhiteElo "2480"]
[BlackElo "2613"]
[TimeControl "180+2"]
[EndTime "15:22:30 PDT"]
[Termination "Indianlad won by resignation"]

1. d4 d5 2. Bf4 Nc6 3. e3 f6 4.
Nf3 g5 5. Bg3 h5 6. h3 Nh6 7. c3 Nf5 8. Bh2 Bg7 9. Nbd2 g4 10.
Ng1 g3 11. Bxg3 Nxg3 12. fxg3 e5 13. Be2 Qd6 14. Bxh5+ Ke7 15. Qe2 Bf5 16. e4 dxe4 17. Nxe4 Bxe4 18. Qxe4 Rxh5 19. O-O-O f5 20. Qe2 Qh6+ 21.
Kb1 Kf8 22. d5 Ne7 23. Nf3 e4 24. Nd4 Bxd4 25. Rxd4 Rg5 26. g4 Rxg4 27. hxg4 Qxh1+ 28. Kc2 Qh7 29. Kb3 Qf7 30. c4 b5 31. gxf5 bxc4+ 32. Qxc4 Rb8+ 33. Kc2 Nxf5 34. Rxe4 Nd6 35. Qc5 Qg6 0-1

[Event "*** MasterClass Titled Tuesday Blitz"]
[Site "Chess.com"]
[Date "2017.09.05"]
[Round "10"]
[White "Daniela_Movileanu"]
[Black "BIG_Pirate"]
[Result "1-0"]
[WhiteElo "2048"]
[BlackElo "2330"]
[TimeControl "180+2"]
[EndTime "15:22:33 PDT"]
[Termination "Daniela_Movileanu won by resignation"]

1. e4 d5 2. exd5 Qxd5 3. Nc3 Qa5 4. d4 Nf6 5. Nf3 Bg4 6. Be2 Nc6 7. h3 Bh5 8. g4 Bg6 9. Ne5 Nxe5 10. dxe5 Ne4 11.
Bb5+ c6 12. Qd5 Qd8 13. Bxc6+ bxc6 14. Qxc6+ Qd7 15. Qxa8+ Qd8 16. Qxd8+ Kxd8 17. Be3 Nxc3 18. bxc3 e6 19. O-O-O+ Kc7 20. Rd4 Ba3+ 21. Kd2 Rb8 22. Rc4+ Kd7 23. Bxa7 Rb7 24. Bc5 Bb2 25. Bb4 Ra7 26.
Rd4+ Kc7 27. a4 Rb7 28. Rb1 Ba3 29. Bd6+ 1-0

[Event "*** MasterClass Titled Tuesday Blitz"]
[Site "Chess.com"]
[Date "2017.09.05"]
[Round "10"]
[White "AndrewMcStone"]
[Black "Hafez_Bakr"]
[Result "1-0"]
[WhiteElo "2051"]
[BlackElo "1866"]
[TimeControl "180+2"]
[EndTime "15:22:39 PDT"]
[Termination "AndrewMcStone won on time"]

1. d4 Nf6 2. g4 e6 3. g5 Be7 4. gxf6 Bxf6 5. e4 c5 6. e5 Be7 7.
Qg4 g6 8. c3 cxd4 9. cxd4 O-O 10. Bh6 Re8 11. Nc3 Qb6 12. O-O-O Nc6 13. Nf3 d5 14. h4 Bd7 15. h5 Rac8 16. Kb1 Ba3 17. Bc1 Na5 18. hxg6 1-0